 Dungeon Crawl Stone Soup version 0.13-a0-2236-g7be3fc8 (webtiles) character file.

7792 Kae the Markscentaur (level 10, -8/73 HPs)
             Began as a Centaur Hunter on July 4, 2013.
             Was a Follower of Okawaru.
             Killed from afar by Josephine (43 damage)
             ... with a bolt of cold
             ... on Level 10 of the Dungeon.
             The game lasted 00:28:02 (10924 turns).

Kae the Markscentaur (Centaur Hunter)              Turns: 10924, Time: 00:28:02

HP  -8/73        AC  8     Str 16      XL: 10   Next: 90%
MP   5/6         EV 21     Int 13      God: Okawaru [*.....]
Gold 484         SH  0     Dex 12      Spells:  0 memorised,  9 levels left

Res.Fire  : . . .   See Invis. : .   b - +1 bow
Res.Cold  : . . .   Warding    : +   d - +2 leather armour
Life Prot.: + . .   Conserve   : .   (no shield)
Res.Poison: .       Res.Corr.  : .   (no helmet)
Res.Elec. : .       Clarity    : .   (no cloak)
Sust.Abil.: . .     Spirit.Shd : .   C - +0 pair of gloves
Res.Mut.  : .       Stasis     : .   (no barding)
Res.Rott. : .       Flight     : .   r - amulet of warding
Saprovore : . . .                    x - ring of the Mage {Wiz MR+ Int+3}
                                     t - +6 ring of evasion

@: heroism, very quick, quite resistant to hostile enchantments, unstealthy
A: hooves 3, deformed body, herbivore 1, speed 2, fast metabolism 1, tough skin
3
a: Heroism, Renounce Religion


You were on level 10 of the Dungeon.
You worshipped Okawaru.
Okawaru was most pleased with you.
You were not hungry.

You visited 2 branches of the dungeon, and saw 11 of its levels.

You collected 464 gold pieces.

Inventory:

Hand weapons
 a - a +1,+1 flail of protection
 b - a +1,+1 bow (weapon)
 q - a cursed -3,-1 orcish hammer
 G - a -1,-2 orcish hand axe
 H - a cursed -1,-2 orcish hand axe
 R - a +1,+1 short sword
Missiles
 c - 49 arrows (quivered)
 w - 8 poisoned arrows
 F - 11 arrows of flame
Armour
 d - a +2 leather armour (worn)
 C - a +0 pair of gloves (worn)
Magical devices
 l - a wand of slowing (5)
 u - a wand of draining (10)
 y - a wand of disintegration (13)
 B - a wand of fireball (4)
 I - a wand of lightning (0)
 L - a wand of magic darts (9)
 O - a wand of lightning (6)
 S - a wand of fire (6)
Comestibles
 f - 5 bread rations
 g - an orange
 m - 3 meat rations
 s - a rambutan
 z - 3 apples
 J - 6 sultanas
Scrolls
 e - 2 scrolls of identify
 i - 2 scrolls of enchant armour
 A - 2 scrolls of teleportation
 K - a scroll of enchant weapon II
 M - 3 scrolls of remove curse
 N - a scroll of recharging
Jewellery
 r - an amulet of warding (around neck)
 t - a +6 ring of evasion (left hand)
 x - the ring of the Mage (right hand) {Wiz MR+ Int+3}
   (You found it on level 5 of the Dungeon)

   [ring of wizardry]

   It affects your intelligence (+3).
   It affects your resistance to hostile enchantments.
Potions
 h - 3 potions of restore abilities
 j - 2 potions of agility
 k - 4 potions of curing
 n - 2 potions of cure mutation
 o - 2 potions of might
 p - a potion of magic
 v - a potion of heal wounds
 E - a potion of speed
Books
 P - a book of Annihilations {highlevel}

   This book is beyond your current level of understanding.

   Spells                             Type                      Level
   Poison Arrow                       Conjuration/Poison           6
   Orb of Destruction                 Conjuration                  7
   Chain Lightning                    Conjuration/Air              8
   Lehudib's Crystal Spear            Conjuration/Earth            8
   Ice Storm                          Conjuration/Ice              9
   Fire Storm                         Conjuration/Fire             9


   Skills:
 - Level 1.0(6.0) Fighting
 * Level 17.1(22.1) Bows
 + Level 7.5(12.5) Dodging
 - Level 0.5(5.5) Stealth


You had 9 spell levels left.
You didn't know any spells.

Dungeon Overview and Level Annotations

Branches:
Dungeon (10/27)            Temple (1/1) D:6             Orc (0/4) D:6
   Lair (0/8) D:10

Altars:
Ashenzari
Cheibriados
Elyvilon
Fedhas
Kikubaaqudgha
Makhleb
Nemelex Xobeh
Okawaru
Sif Muna
Trog
Vehumet
Xom
Yredelemnul
Zin
the Shining One

Annotations
D:10 Josephine, Nergalle


Innate Abilities, Weirdness & Mutations

You have hooves in place of feet.
Armour fits poorly on your strangely shaped body.
You digest meat inefficiently.
You cover ground very quickly.
You have a fast metabolism.
You have extremely tough skin (AC +3).


Message History

Josephine is almost dead.
Firing (i - inventory. (,) - cycle):
c - 52 arrows (quivered)
Press: ? - help, Shift-Dir - straight line, f/p - Josephine
Aim: Josephine, wielding a runed dagger, wearing a glowing robe and carrying a wand of fire {zapped: 5} (almost dead)
You shoot an arrow. The arrow hits Josephine.
Josephine is almost dead.
Firing (i - inventory. (,) - cycle):
c - 51 arrows (quivered)
Press: ? - help, Shift-Dir - straight line, f/p - Josephine
Aim: Josephine, wielding a runed dagger, wearing a glowing robe and carrying a wand of fire {zapped: 5} (almost dead)
You shoot an arrow. The arrow hits Josephine.
Josephine is almost dead.
Josephine hits you with a runed dagger.
Firing (i - inventory. (,) - cycle):
c - 50 arrows (quivered)
Press: ? - help, Shift-Dir - straight line, f/p - Josephine
Aim: Josephine, wielding a runed dagger, wearing a glowing robe and carrying a wand of fire {zapped: 5} (almost dead)
You shoot an arrow. The arrow misses Josephine.
Josephine points at you and mumbles some strange words.
The bolt of cold hits you!
Ouch! That really hurt!
You die...

##.....## ##
#.^[.[..# .##
##..[#...## ..###
##....#....### (...#
###.....##.....##
##..####
#..)..#####.....###
#.....# #...%.>#
##.....#. #.....##
#...#### ###.....
##.....# #.@..#
##.... ###@..###
####@..# ##...
###.......# #.((...#
####
.##.......###(..(.##
##..Z.#..###(...(.#
.#...#####((...####
.....Z##..Z....#
###....#....(###
#........###


You could see Josephine.

Vanquished Creatures
  Joseph (D:7)
  A hill giant (D:10)
  2 hill giant zombies
  Grinder (D:3)
  A hill giant skeleton (D:9)
  Eustachio (D:4)
  2 yaks (D:10)
  2 hungry ghosts
  A steam dragon (D:7)
  Edmund (D:9)
  2 manticores
  A deep dwarf (D:10)
  6 orc warriors
  A giant goldfish (D:6)
  3 ogres
  A sky beast (D:7)
  3 black bears
  3 centaurs
  A troll zombie (D:7)
  Sigmund (D:7)
  5 giant frogs
  A centaur zombie (D:10)
  A water moccasin skeleton (D:8)
  A centaur skeleton (D:10)
  4 killer bees
  An eye of draining (D:8)
  3 jellyfish (D:6)
  An electric eel (D:6)
  2 hounds (D:6)
  An ogre skeleton (D:6)
  A soldier ant simulacrum (D:10)
  6 orc priests
  6 crimson imps
  3 iguanas
  A worker ant zombie (D:10)
  3 scorpions
  14 orc wizards
  7 worker ants
  3 jellies
  Terence (D:3)
  A gnoll (D:4)
  2 green rats (D:4)
  A giant mite (D:5)
  7 adders
  A giant centipede (D:9)
  An adder skeleton (D:6)
  4 worms
  3 giant eyeballs
  6 giant geckos
  60 orcs
  A ball python (D:2)
  21 bats
  5 giant cockroaches
  2 grey rats (D:4)
  16 hobgoblins
  6 jackals
  17 kobolds
  4 quokkas
  A giant cockroach zombie (D:5)
  4 giant newts
  4 goblins
  A hobgoblin zombie (D:5)
  An orc skeleton (D:10)
  An orc zombie (D:9)
  11 rats
  A rat skeleton (D:8)
  A rat zombie (D:5)
  3 ballistomycetes (D:6)
286 creatures vanquished.

Vanquished Creatures (others)
  An adder (D:6)
  A giant spore (D:6)
  A kobold (D:8)
3 creatures vanquished.

Grand Total: 289 creatures vanquished

Notes
Turn   | Place    | Note
--------------------------------------------------------------
     0 | D:1      | Kae, the Centaur Hunter, began the quest for the Orb.
     0 | D:1      | Reached XP level 1. HP: 17/17 MP: 0/0
   202 | D:1      | Reached XP level 2. HP: 18/24 MP: 1/1
   707 | D:2      | Reached skill level 6 in Bows
   786 | D:2      | Found a shimmering altar of Xom.
   787 | D:2      | Found a shimmering altar of Xom.
   937 | D:2      | Reached XP level 3. HP: 16/29 MP: 2/2
  1408 | D:3      | Noticed Terence
  1413 | D:3      | Killed Terence
  1455 | D:3      | Reached XP level 4. HP: 33/36 MP: 2/2
  1644 | D:3      | Noticed Grinder
  1656 | D:3      | Killed Grinder
  1656 | D:3      | Reached skill level 8 in Bows
  1656 | D:3      | Reached XP level 5. HP: 37/41 MP: 3/3
  1656 | D:3      | Reached XP level 6. HP: 43/48 MP: 4/4
  2336 | D:4      | Noticed Eustachio
  2369 | D:4      | Killed Eustachio
  2369 | D:4      | Reached skill level 9 in Bows
  2370 | D:4      | Reached XP level 7. HP: 47/53 MP: 4/4
  2991 | D:4      | Reached skill level 10 in Bows
  3270 | D:5      | Entered Level 5 of the Dungeon
  3591 | D:5      | Reached XP level 8. HP: 39/61 MP: 5/5
  4218 | D:5      | Paralysed by a giant eyeball for 4 turns
  4240 | D:6      | Reached skill level 11 in Bows
  4804 | D:6      | Reached skill level 12 in Bows
  5182 | D:6      | Found a staircase to the Ecumenical Temple.
  5202 | Temple   | Entered the Ecumenical Temple
  5388 | D:6      | Reached skill level 5 in Dodging
  5388 | D:6      | Reached XP level 9. HP: 63/67 MP: 6/6
  5919 | D:6      | Found a staircase to the Orcish Mines.
  5923 | D:6      | Reached skill level 13 in Bows
  6729 | D:7      | Noticed Joseph
  6750 | D:7      | Noticed Sigmund
  7331 | D:7      | Killed Joseph
  7331 | D:7      | Reached skill level 14 in Bows
  7433 | D:7      | Killed Sigmund
  7677 | D:7      | Found a white marble altar of Elyvilon.
  7757 | D:7      | Reached XP level 10. HP: 73/73 MP: 6/6
  8180 | D:8      | Reached skill level 15 in Bows
  8496 | D:8      | Paralysed by a giant eyeball for 3 turns
  9197 | D:9      | Noticed Edmund
  9244 | D:9      | Killed Edmund
  9318 | D:9      | Reached skill level 16 in Bows
  9366 | D:9      | Found a basalt altar of Yredelemnul.
  9366 | D:9      | Found an iron altar of Okawaru.
  9424 | D:9      | Paralysed by a giant eyeball for 3 turns
  9508 | D:9      | Became a worshipper of Warmaster Okawaru
  9543 | D:10     | Entered Level 10 of the Dungeon
  9613 | D:10     | Noticed a hill giant
  9634 | D:10     | Killed a hill giant
  9985 | D:10     | Acquired Okawaru's first power
 10030 | D:10     | Found a staircase to the Lair.
 10160 | D:10     | Reached skill level 17 in Bows
 10447 | D:10     | Noticed Josephine
 10538 | D:10     | Noticed Nergalle
 10924 | D:10     | Killed from afar by Josephine

Action                   |  1- 3 |  4- 6 |  7- 9 | 10-12 || total
-------------------------+-------+-------+-------+-------++-------
Melee: Short sword       |   108 |    75 |   244 |   149 ||   576
       Hand axe          |       |       |    80 |       ||    80
       Flail             |       |       |       |     8 ||     8
 Fire: Bow               |    13 |    26 |   290 |   240 ||   569
Invok: Heroism           |       |       |       |     2 ||     2
Evoke: Wand              |       |       |     1 |     4 ||     5
  Use: Scroll            |     6 |     4 |    15 |     4 ||    29
       Potion            |       |       |     1 |     1 ||     2
